 Dungeon Crawl Stone Soup version 0.18.1-6-gd335043 (webtiles) character file.

16698 Mefis the Thaumaturge (level 12, -3/57 (59) HPs)
             Began as a Deep Elf Wizard on May 17, 2016.
             Was a Priest of Sif Muna.
             Slain by a yak (17 damage)
             ... on level 12 of the Dungeon on May 18, 2016.
             The game lasted 01:25:50 (24035 turns).

Mefis the Thaumaturge (Deep Elf Wizard)            Turns: 24035, Time: 01:25:51

HP:   -3/57 (59)    AC: 10    Str:  4    XL:     12   Next: 12%
MP:   16/31         EV: 11    Int: 33    God:    Sif Muna [***...]
Gold: 31            SH:  0    Dex: 13    Spells: 11 memorised, 2 levels left

rFire  . . .     SeeInvis +     s - +0 blowgun
rCold  . . .     Gourm    .     a - +0 robe
rNeg   . . .     Faith    .     (no shield)
rPois  +         Spirit   .     d - +2 helmet
rElec  .         Dismiss  .     o - +0 cloak
rCorr  .         Reflect  .     (no gloves)
SustAt .         Harm     .     k - +3 pair of boots "Qeujenoc" {rPois Int+4}
MR     +....     Rnd*Rage +     (no amulet)
Stlth  ++++......               u - ring of see invisible
                                Q - ring of wizardry

@: somewhat resistant to hostile enchantments, stealthy
A: berserk 1
a: Channel Energy, Renounce Religion


You were on level 12 of the Dungeon.
You worshipped Sif Muna.
Sif Muna was most pleased with you.
You were very hungry.

You visited 3 branches of the dungeon, and saw 14 of its levels.

You collected 617 gold pieces.
You spent 586 gold pieces at shops.

Inventory:

Hand Weapons
 i - a +0 shortbow of flaming
 l - a +4 short sword
 s - a +0 blowgun (weapon)
 V - a +2 dagger of flaming
Missiles
 g - 43 poisoned needles (quivered)
 j - 127 arrows
Armour
 a - a +0 robe (worn)
 b - a +0 pair of boots
 d - a +2 helmet (worn)
 k - the +3 pair of boots "Qeujenoc" (worn) {rPois Int+4}
   (You bought it in a shop on level 8 of the Dungeon)

   It affects your intelligence (+4).
   It protects you from poison.
 o - a +0 cloak (worn)
Jewellery
 e - a +3 ring of intelligence
 p - a +5 ring of protection
 u - a ring of see invisible (right hand)
 Q - a ring of wizardry (left hand)
Scrolls
 h - a scroll of immolation {unknown}
 m - a scroll of recharging
 n - a scroll of summoning {unknown}
 q - 5 scrolls of teleportation
 N - a scroll of random uselessness {unknown}
 Z - 3 scrolls of vulnerability
Potions
 f - 2 potions of haste
 w - 2 potions of agility
 P - 2 potions of curing
Books
 c - a book of Minor Magic

   Spells                             Type                      Level
   a - Magic Dart                     Conjuration                  1
   b - Blink                          Translocation                2
   c - Call Imp                       Summoning                    2
   d - Repel Missiles                 Charms/Air                   2
   e - Slow                           Hexes                        2
   f - Conjure Flame                  Conjuration/Fire             3
   g - Mephitic Cloud                 Conjuration/Poison/Air       3
 D - a book of Burglary

   Spells                             Type                      Level
   a - Swiftness                      Charms/Air                   2
   b - Passwall                       Transmutation/Earth          2
   c - Passage of Golubria            Translocation                4
   d - Lee's Rapid Deconstruction     Earth                        5
   e - Darkness                       Hexes                        6
   f - Invisibility                   Hexes                        6
 G - a book of Summonings

   Spells                             Type                      Level
   a - Recall                         Summoning/Translocation      3
   b - Aura of Abjuration             Summoning                    5
   c - Summon Demon                   Summoning                    5
   d - Summon Forest                  Summoning/Translocation      5
   e - Summon Mana Viper              Hexes/Summoning              5
   f - Shadow Creatures               Summoning                    6
Miscellaneous
 F - a sack of spiders
Comestibles
 C - 3 beef jerkies
 K - 6 slices of pizza
 O - 4 meat rations
 T - 14 fruits


   Skills:
 - Level 2.0 Armour
 + Level 8.6 Dodging
 - Level 8.1 Stealth
 * Level 13.3 Spellcasting
 + Level 7.9 Conjurations
 * Level 10.2 Hexes
 * Level 7.1 Summonings
 - Level 2.7 Translocations
 - Level 4.5 Fire Magic
 - Level 5.9 Poison Magic


You had 2 spell levels left.
You knew the following spells:

 Your Spells              Type           Power        Failure   Level  Hunger
a - Magic Dart            Conj           ####         1%          1    None
b - Summon Mana Viper     Hex/Summ       ######..     1%          5    None
c - Blink                 Tloc           N/A          1%          2    None
d - Repel Missiles        Chrm/Air       ###...       1%          2    None
e - Mephitic Cloud        Conj/Pois/Air  ######..     1%          3    None
f - Conjure Flame         Conj/Fire      ######..     1%          3    None
g - Slow                  Hex            ######..     1%          2    None
h - Recall                Summ/Tloc      N/A          1%          3    None
n - Shadow Creatures      Summ           N/A          9%          6    ###....
v - Invisibility          Hex            ######..     2%          6    ###....
x - Swiftness             Chrm/Air       ###.....     1%          2    None


Dungeon Overview and Level Annotations

Branches:
Dungeon (12/15)            Temple (1/1) D:4            Lair (1/8) D:9
    Orc (0/2) D:11

Altars:
Ashenzari
Cheibriados
Dithmenos
Elyvilon
Fedhas
Gozag
Kikubaaqudgha
Makhleb
Nemelex Xobeh
Okawaru
Pakellas
Qazlal
Ru
Sif Muna
Trog
Vehumet
Xom
Yredelemnul
Zin
The Shining One

Shops:
D:8 [   D:11 :

Annotations:
D:8 586


Innate Abilities, Weirdness & Mutations

You tend to lose your temper in combat.


Message History

You see here a giant frog corpse.
You butcher the giant frog corpse.
The yak barely misses you.
You see here 3 chunks of flesh.
Your cyclops dissolves into shadows!
The yak closely misses you.
There is a stone staircase leading up here.
You swap places.
The yak gores you!
Your troll bites the yak.
Your troll claws the yak but does no damage.
Your troll closely misses the yak.
You see here 3 chunks of flesh.
You swap places.
The yak gores you! The orc closely misses you.
Your troll bites the yak!
The yak dies!
There is a stone staircase leading up, spattered with blood here.
Really attack while wielding your +0 blowgun?
Okay, then.
The orc hits you with a flail!
* * * LOW HITPOINT WARNING * * *
The yak gores you!
You die...

..... ....
.....##..#
!.....$... .........
. ..$ ..>..#... . .#
........# .$ ..
#....## .. .# ##
#>Y%.#
..##.###.......#@T##
......<....###
#o..#### ......Y..#.
#.#....# ...<[....Y.
#...##.# #.#.)......
#...##.# # .....#.(.
#....... ..###.# #
)......... ... .#
.%.......... ##o #
#.(...........


You could see a yak, an orc and a friendly troll.

Vanquished Creatures
  A hydra (D:9)
  Erolcha (D:11)
  2 hill giants
  A centaur zombie (D:11)
  Psyche (D:8)
  2 kobold demonologists (D:11)
  4 trolls
  Prince Ribbit (D:7)
  Eustachio (D:4)
  A wyvern (D:8)
  6 yaks
  2 hippogriffs
  4 hungry ghosts
  Grum (D:8)
  3 water moccasins
  Duvessa (D:4)
  3 ice beasts
  10 orc warriors
  3 sky beasts
  A black bear (D:9)
  2 phantoms
  3 ogres
  2 necrophages (D:10)
  2 wolves
  4 centaurs
  3 crocodiles (D:9)
  10 big kobolds
  A gnoll sergeant (D:9)
  Blork the orc (D:4)
  8 giant frogs
  3 scorpions
  A wyvern skeleton (D:11)
  Dowan (D:4)
  A water moccasin skeleton (D:4)
  12 killer bees
  2 electric eels (D:7)
  5 wights
  2 howler monkeys (D:9)
  A wasp zombie (D:7)
  2 crimson imps
  2 giant frog zombies
  7 jellies
  5 hounds
  A giant frog skeleton (D:10)
  9 orc priests
  2 gnoll shamans
  11 orc wizards
  3 centaur skeletons
  6 iguanas
  13 worker ants
  2 sheep (D:9)
  2 hound zombies
  A hound skeleton (D:9)
  Robin (D:4)
  13 gnolls
  A howler monkey skeleton (D:4)
  18 adders
  2 shadow imps
  An ooze (D:1)
  6 worms
  5 dart slugs
  4 giant geckos
  52 orcs
  5 giant cockroaches
  16 goblins
  10 hobgoblins
  12 jackals
  2 quokkas
  3 ball pythons
  27 bats
  6 giant newts
  36 kobolds
  A quokka skeleton (D:4)
  A quokka zombie (D:5)
  15 rats
  A fungus (D:9)
417 creatures vanquished.

Vanquished Creatures (collateral kills)
  A hydra (D:11)
  The ghost of Mefis the Thaumaturge, a journeyman DEWz of Sif Muna (D:12)
  2 hill giants (D:11)
  A gargoyle (D:10)
  2 vampires
  2 yaks
  Edmund (D:5)
  A sky beast (D:11)
  An ice beast (D:11)
  An eye of draining (D:11)
  A necrophage (D:9)
  A giant frog (D:12)
  A wyvern skeleton (D:11)
  4 wights (D:10)
  A worker ant (D:7)
  5 gnolls
  An adder (D:7)
  An orc (D:9)
  A goblin (D:4)
29 creatures vanquished.

Vanquished Creatures (others)
  A giant frog (D:12)
  3 fungi (D:9)
  7 plants
  88 snaplasher vine segments (D:10)
99 creatures vanquished.

Grand Total: 545 creatures vanquished

Notes
Turn   | Place    | Note
--------------------------------------------------------------
     0 | D:1      | Mefis the Deep Elf Wizard began the quest for the Orb.
     0 | D:1      | Reached XP level 1. HP: 10/10 MP: 7/7
   332 | D:1      | Reached XP level 2. HP: 15/15 MP: 3/9
   339 | D:1      | Learned a level 2 spell: Call Imp
   342 | D:1      | Learned a level 2 spell: Blink
   345 | D:1      | Learned a level 2 spell: Repel Missiles
  1343 | D:1      | Reached XP level 3. HP: 19/19 MP: 9/11
  1348 | D:1      | Learned a level 3 spell: Mephitic Cloud
  1561 | D:2      | Reached skill level 5 in Spellcasting
  1815 | D:2      | Reached XP level 4. HP: 24/24 MP: 10/13
  2407 | D:2      | Found a bloodstained altar of Trog.
  2784 | D:3      | Reached XP level 5. HP: 17/28 MP: 0/15
  3477 | D:3      | Reached skill level 1 in Poison Magic
  3492 | D:3      | Reached skill level 6 in Spellcasting
  3756 | D:4      | Found a staircase to the Ecumenical Temple.
  3768 | Temple   | Entered the Ecumenical Temple
  3910 | D:4      | Found a blossoming altar of Fedhas.
  3956 | D:4      | Found a glowing golden altar of the Shining One.
  4045 | D:4      | Noticed Duvessa
  4054 | D:4      | Learned a level 3 spell: Conjure Flame
  4057 | D:4      | Learned a level 2 spell: Slow
  4063 | D:4      | Noticed Dowan
  4109 | D:4      | Killed Dowan
  4109 | D:4      | Reached XP level 6. HP: 20/32 MP: 7/17
  4285 | D:4      | Noticed Robin
  4352 | D:4      | Noticed Eustachio
  4491 | D:4      | Killed Duvessa
  4491 | D:4      | Reached skill level 1 in Fire Magic
  4597 | D:4      | Found an iron altar of Okawaru.
  4663 | D:4      | Killed Eustachio
  4663 | D:4      | Reached skill level 7 in Spellcasting
  4663 | D:4      | Reached XP level 7. HP: 36/36 MP: 3/19
  4714 | D:4      | Killed Robin
  5150 | D:4      | Noticed an air elemental
  5205 | D:4      | Noticed a water elemental
  5207 | D:4      | Found a stormy altar of Qazlal.
  5210 | D:4      | Noticed Blork the orc
  5220 | D:4      | Killed Blork the orc
  5308 | D:4      | Noticed a fire elemental
  5321 | D:4      | Found a sacrificial altar of Ru.
  5391 | D:4      | Found a sparkling altar of Nemelex Xobeh.
  5503 | D:5      | Entered Level 5 of the Dungeon
  5756 | D:5      | Reached XP level 8. HP: 20/41 MP: 10/21
  5943 | D:5      | Got a faintly glowing golden ring
  5945 | D:5      | Identified the ring "Qonuc" {AC+2 Str+3 Slay+2} (You found it on level 5 of the Dungeon)
  6151 | D:5      | Found a shattered altar of Ashenzari.
  6233 | D:5      | Reached skill level 5 in Stealth
  6334 | D:6      | Noticed Edmund
  6508 | D:5      | Killed Edmund
  6508 | D:5      | Reached skill level 8 in Spellcasting
  6508 | D:5      | Reached skill level 1 in Hexes
  6902 | D:6      | Reached skill level 5 in Dodging
  8015 | D:6      | Found a sacrificial altar of Ru.
  8130 | D:6      | Found an iron altar of Okawaru.
  8749 | D:7      | Found an ancient bone altar of Kikubaaqudgha.
  8762 | D:7      | Reached skill level 5 in Conjurations
  8841 | D:7      | Noticed Prince Ribbit
  8857 | D:7      | Killed Prince Ribbit
  8857 | D:7      | Reached skill level 9 in Spellcasting
  8972 | D:7      | Reached XP level 9. HP: 37/45 MP: 24/24
  9506 | D:7      | HP: 1/45 [poisoned by a water moccasin]
 10158 | D:7      | Reached skill level 5 in Summonings
 10579 | D:7      | Reached skill level 10 in Spellcasting
 10881 | D:8      | Noticed Grum
 11228 | D:8      | Learned a level 4 spell: Passage of Golubria
 11231 | D:8      | Learned a level 2 spell: Swiftness
 11287 | D:8      | Killed Grum
 11287 | D:8      | Reached skill level 5 in Hexes
 11596 | D:8      | Found Haniec's Armour Boutique.
 11715 | D:8      | Found a shimmering altar of Xom.
 11755 | D:8      | Reached XP level 10. HP: 21/50 MP: 26/26
 11816 | D:8      | Noticed Psyche
 11837 | D:8      | Killed Psyche
 13073 | D:9      | Learned a level 6 spell: Invisibility
 13117 | D:9      | Reached skill level 11 in Spellcasting
 13488 | D:9      | Reached skill level 5 in Poison Magic
 14511 | D:9      | Noticed a two-headed hydra
 14518 | D:9      | Found a basalt altar of Yredelemnul.
 14519 | D:9      | Found a glowing silver altar of Zin.
 14519 | D:9      | Found a deep blue altar of Sif Muna.
 14535 | D:10     | Entered Level 10 of the Dungeon
 14770 | D:9      | Killed a two-headed hydra
 15113 | D:9      | Found a snail-covered altar of Cheibriados.
 15257 | D:9      | Found a staircase to the Lair.
 15496 | Lair:1   | Entered Level 1 of the Lair of Beasts
 15789 | D:9      | Found a radiant altar of Vehumet.
 15794 | D:9      | Became a worshipper of Sif Muna the Loreminder
 15859 | D:9      | Reached XP level 11. HP: 54/54 MP: 0/28
 16317 | D:9      | Reached skill level 12 in Spellcasting
 17613 | D:10     | Noticed a hill giant
 17646 | D:10     | Killed a hill giant
 17646 | D:10     | Reached * piety under Sif Muna
 18918 | D:9      | Learned a level 5 spell: Summon Forest
 18950 | D:9      | Learned a level 5 spell: Summon Mana Viper
 18954 | D:9      | Learned a level 3 spell: Recall
 19500 | D:11     | Noticed Erolcha
 19524 | D:11     | Killed Erolcha
 20116 | D:11     | Noticed a hill giant
 20125 | D:11     | Killed a hill giant
 20148 | D:11     | Reached ** piety under Sif Muna
 20151 | D:11     | Gained mutation: You tend to lose your temper in combat. [mutagenic meat]
 20152 | D:11     | Gained mutation: You are dopey. (Int -2) [mutagenic meat]
 20153 | D:11     | Lost mutation: You are dopey. (Int -2) [mutagenic meat]
 20960 | D:11     | Found Pachuny's Book Shoppe.
 21001 | D:11     | Reached skill level 1 in Armour
 21009 | D:11     | Noticed a hill giant
 21031 | D:11     | Killed a hill giant
 21211 | D:11     | Learned a level 6 spell: Shadow Creatures
 21337 | D:11     | Noticed a hill giant
 21348 | D:11     | Noticed a five-headed hydra
 21363 | D:11     | Killed a hill giant
 21363 | D:11     | Reached skill level 13 in Spellcasting
 21385 | D:11     | Killed a five-headed hydra
 22437 | D:11     | Reached XP level 12. HP: 57/57 MP: 7/31
 22768 | D:11     | Reached skill level 10 in Hexes
 23161 | D:8      | Bought the +3 pair of boots "Qeujenoc" {rPois Int+4} for 586 gold pieces
 23476 | D:11     | Reached *** piety under Sif Muna
 23680 | D:11     | Found a staircase to the Orcish Mines.
 24011 | D:12     | Noticed Mefis's ghost (journeyman DEWz)
 24029 | D:12     | Killed Mefis's ghost
 24035 | D:12     | Slain by a yak

Skill      XL: |  1  2  3  4  5  6  7  8  9 10 11 12 |
---------------+-------------------------------------+-----
Stealth        | 3 4 5 6 7 8 |  8.1
Spellcasting   | 5 6 7 9 10 11 13 | 13.3
Conjurations   | 2 3 4 5 6 7 |  7.9
Summonings     | 2 3 4 5 6 7 |  7.1
Dodging        | 3 4 5 6 7 8 |  8.6
Poison Magic   | 1 2 3 4 5 |  5.9
Fire Magic     | 1 2 3 4 |  4.5
Hexes          | 3 5 7 9 10 | 10.2
Translocations | 2 |  2.7
Armour         | 1 2 |  2.0

Action                   |  1- 3 |  4- 6 |  7- 9 | 10-12 || total
-------------------------+-------+-------+-------+-------++-------
Melee: Short sword       |     1 |    72 |       |       ||    73
       Rapier            |       |       |    41 |       ||    41
       Dagger            |       |       |       |    39 ||    39
 Fire: Shortbow          |       |       |     6 |   156 ||   162
       Blowgun           |       |       |       |   152 ||   152
Throw: Tomahawk          |       |       |       |     6 ||     6
 Cast: Magic Dart        |    74 |   166 |   484 |   924 ||  1648
       Repel Missiles    |     1 |       |     1 |     1 ||     3
       Mephitic Cloud    |       |    12 |    17 |    60 ||    89
       Conjure Flame     |       |     2 |     7 |    57 ||    66
       Call Imp          |       |     1 |     7 |    12 ||    20
       Blink             |       |       |     7 |    30 ||    37
       Shadow Creatures  |       |       |       |    39 ||    39
       Summon Forest     |       |       |       |     3 ||     3
       Slow              |       |       |       |     1 ||     1
       Invisibility      |       |       |       |     1 ||     1
Invok: Channel Energy    |       |       |       |    59 ||    59
  Use: Scroll            |       |       |     9 |    11 ||    20
       Potion            |       |       |     4 |       ||     4
 Stab: Sleeping          |     1 |     3 |     2 |       ||     6
       Confused          |       |     4 |     2 |       ||     6
       Invisible         |       |       |       |     1 ||     1
  Eat: Chunk             |     2 |     8 |    10 |    37 ||    57
       Bread ration      |       |       |     3 |     3 ||     6
       Pizza             |       |       |       |     1 ||     1
       Royal jelly       |       |       |       |     1 ||     1
       Fruit             |       |       |       |     1 ||     1
Armor: Robe              |     2 |    17 |    32 |    86 ||   137
Dodge: Deflected         |     1 |       |     1 |     6 ||     8
       Dodged            |     4 |    41 |   132 |   250 ||   427
